 Dungeon Crawl Stone Soup version 0.18-a0-128-g78ce890 (webtiles) character file.

226 Proton the Skirmisher (level 6, -7/39 HPs)
             Began as a Gargoyle Fighter on Nov 22, 2015.
             Mangled by an ogre
             ... wielding a +0 giant club
              (10 damage)
             ... on level 5 of the Dungeon.
             The game lasted 00:05:01 (2626 turns).

Proton the Skirmisher (Gargoyle Fighter)            Turns: 2626, Time: 00:05:01

Health: -7/39      AC: 17    Str: 21    XL:     6   Next: 1%
Magic:  6/6        EV:  6    Int:  9    God:
Gold:   171        SH:  0    Dex:  9    Spells: 0 memorised, 5 levels left

rFire  . . .     SeeInvis .     q - +0 mace (curse)
rCold  . . .     Clarity  .     b - +0 scale mail
rNeg   + . .     SustAt   .     j - +0 large shield
rPois  ∞         Gourm    .     o - +0 helmet
rElec  +         Spirit   .     i - +0 cloak
rCorr  .         Warding  .     (no gloves)
rMut   .         Stasis   .     r - +2 pair of boots
MR     .....                    a - amulet of inaccuracy (curse)
Stlth  ..........               (no ring)
                                (no ring)

@: confused, not resistant to hostile enchantments, extremely unstealthy
A: negative energy resistance 1, electricity resistance, unbreathing,
petrification resistance, rot immunity, AC +4
a: no special abilities


You were on level 5 of the Dungeon.
You were not hungry.

You visited 1 branch of the dungeon, and saw 5 of its levels.

You collected 171 gold pieces.

Inventory:

Hand Weapons
 q - a cursed +0 mace (weapon)
Armour
 b - a +0 scale mail (worn)
 i - a +0 cloak (worn)
 j - a +0 large shield (worn)
 o - a +0 helmet (worn)
 r - a +2 pair of boots (worn)
Jewellery
 a - a cursed amulet of inaccuracy (around neck)
Wands
 m - a wand of flame (27)
Scrolls
 c - 2 scrolls of identify {unknown}
 e - a scroll of random uselessness {unknown}
 h - 2 scrolls of enchant weapon {unknown}
 k - 4 scrolls of remove curse {unknown}
 l - a scroll of magic mapping {unknown}
 u - 2 scrolls of amnesia {unknown}
 y - a scroll of noise {unknown}
 A - a scroll of enchant armour {unknown}
Potions
 d - 2 potions of might
 f - a potion of invisibility {unknown}
 g - a potion of degeneration {unknown}
 n - 3 potions of agility
 p - a potion of flight {unknown}
 v - a potion of curing {unknown}
 x - a potion of heal wounds {unknown}
 z - a potion of ambrosia {unknown}
Books
 s - a book of Minor Magic

   Spells                             Type                      Level
   a - Magic Dart                     Conjuration                  1
   b - Blink                          Translocation                2
   c - Call Imp                       Summoning                    2
   d - Repel Missiles                 Charms/Air                   2
   e - Slow                           Hexes                        2
   f - Conjure Flame                  Conjuration/Fire             3
   g - Mephitic Cloud                 Conjuration/Poison/Air       3
Comestibles
 w - 2 fruits


   Skills:
 + Level 4.4 Fighting
 + Level 3.3 Maces & Flails
 + Level 4.1 Armour
 + Level 1.8 Dodging
 + Level 4.2 Shields


You had 5 spell levels left.
You didn't know any spells.

Dungeon Overview and Level Annotations

Branches:
Dungeon (5/15)
 Temple: D:4-7

Altars:
Dithmenos
Makhleb
Nemelex Xobeh
Xom

Annotations:
D:4 Grinder


Innate Abilities, Weirdness & Mutations

You are resistant to torment.
Your stone body is resilient (AC +4).
You are immune to poison.
You resist negative energy.
You are resistant to electric shocks.
You can survive without breathing.
You are immune to petrification.
You are immune to rotting.


Message History

You hit the ogre but do no damage.
The ogre is lightly wounded.
The crimson imp hits you.
The orc wizard hits you but does no damage.
The crimson imp hits you but does no damage.
You closely miss the ogre.
The ogre is lightly wounded.
The ogre hits you with a giant club!!
Ouch! That really hurt!
* * * LOW HITPOINT WARNING * * *
The crimson imp hits you but does no damage.
The orc wizard hits you but does no damage.
You hit the ogre.
The ogre is moderately wounded.
The crimson imp hits you but does no damage.
The ogre hits you but does no damage.
The orc wizard hits you but does no damage.
The crimson imp blinks!
The ogre hits you with a giant club!
You die...

.# ....#
.............
.....##.#..#
###.... #.#..#
...#.. ...$.
....# #...#
#.#.# #...# #.
#.#.# #...#
#..###...###@..#
#.†<#5..o.O..#
#..##..###..##
#.. #.<# #..#
#.. #..# #..#
... .... ....
.............##
###....).######
#..##.#


You could see an ogre, an orc wizard and a crimson imp.

Vanquished Creatures
  A scorpion (D:4)
  A worker ant (D:5)
  Robin (D:2)
  5 adders
  4 worms
  11 bats
  7 giant cockroaches
  15 goblins
  6 hobgoblins
  6 jackals
  2 quokkas (D:2)
  A ball python (D:1)
  3 giant geckos
  5 giant newts
  11 kobolds
  9 rats
88 creatures vanquished.

Notes
Turn   | Place    | Note
--------------------------------------------------------------
     0 | D:1      | Proton the Gargoyle Fighter began the quest for the Orb.
     0 | D:1      | Reached XP level 1. HP: 14/14 MP: 1/1
   228 | D:1      | Reached XP level 2. HP: 19/19 MP: 2/2
   559 | D:1      | Reached XP level 3. HP: 24/24 MP: 3/3
   905 | D:2      | Reached skill level 4 in Fighting
   944 | D:2      | Noticed Robin
  1026 | D:2      | Killed Robin
  1032 | D:2      | Reached XP level 4. HP: 27/29 MP: 4/4
  1347 | D:2      | Found a burning altar of Makhleb.
  1691 | D:3      | Found a shimmering altar of Xom.
  1753 | D:3      | Reached skill level 1 in Dodging
  1841 | D:3      | Found a sparkling altar of Nemelex Xobeh.
  1841 | D:3      | Found a shadowy altar of Dithmenos.
  2016 | D:3      | Reached XP level 5. HP: 29/33 MP: 5/5
  2561 | D:4      | Noticed Grinder
  2576 | D:5      | Entered Level 5 of the Dungeon
  2596 | D:5      | Reached XP level 6. HP: 34/39 MP: 6/6
  2626 | D:5      | Mangled by an ogre

Vault maps used:
D:1:      dpeg_arrival_rooms_b
D:2:      marbit_many_paths, patterned_corridor, uniq_robin
D:3:      gammafunk_temple_overflow_wave, xom_teletrap_fun
D:4:      kennysheep_little_box, serial_shops, shop, uniq_grinder, uniq_edmund
D:5:      lemuel_crystal_altar, minitemple, first_bread, nrook_loot_triangle,
          hangedman_abyss_or_decor_stagger, uniq_eustachio, uniq_duvessa

Action                   |  1- 3 |  4- 6 || total
-------------------------+-------+-------++-------
Melee: Flail             |   168 |    24 ||   192
       Mace              |       |   383 ||   383
  Eat: Bread ration      |       |     1 ||     1
       Pizza             |       |     1 ||     1
       Meat ration       |       |     1 ||     1
